Map: Efflorescence LE

Players

Throwfordays - Winner!

  • Race: Protoss Protoss
  • League: Silver
  • Spawn Location: 6:00

Faust - Winner!

  • Race: Zerg Zerg
  • League: Diamond
  • Spawn Location: 9:00

caboose

  • Race: Terran Terran
  • Spawn Location: 12:00

Stelioss

  • Race: Protoss Protoss
  • Spawn Location: 3:00

VOD

Have the link to the VOD?

Description

Time

  • Played on: May 2, 2019, 11:34 p.m.
  • Length: 12:54
Show
View Real Time Build Order
Export as new Build Order

Throwfordays Protoss - Winner!

Build Orders: 1 Gate Expand 

Get SALT Encoding   

  12  0:00  Probe  
  13  0:13  Pylon  
  13  0:18  Probe  
  14  0:30  Probe  
  15  0:37  Gateway  
  15  0:42  Assimilator  
  15  0:43  Probe  
  16  0:51  Probe  
  17  0:59  Probe  
  18  1:11  Probe  
  19  1:23  Probe  
  20  1:35  Nexus  
  20  1:42  Cybernetics Core  
  20  1:49  Probe  
  20  1:50  Assimilator  
  20  1:53  Warp Gate  
  21  1:56  Pylon  
  21  2:01  Probe  
  22  2:13  Probe  
  23  2:19  Robotics Facility  
  23  2:25  Adept  
  25  2:34  Forge  
  25  2:39  Probe  
  25  2:42  Probe  
  26  2:50  Probe  
  28  2:51  Probe  
  29  3:00  Probe  
  29  3:03  Probe  
  31  3:13  Probe  
  31  3:15  Probe  
  33  3:25  Probe  
  34  3:27  Probe  
  34  3:28  Stargate  
  35  3:37  Probe  
  35  3:39  Probe  
  35  3:40  Immortal  
  41  3:45  Pylon  
  41  3:49  Probe  
  41  3:50  Assimilator  
  42  3:57  Protoss Ground Weapons Level 1, Adept  
  42  4:01  Pylon, Probe  
  45  4:03  Probe  
  46  4:13  Probe  
  47  4:17  Adept  
  47  4:21  Immortal  
  53  4:25  Pylon, Probe x2  
  55  4:32  Assimilator  
  55  4:37  Probe  
  56  4:39  Probe  
  56  4:43  Void Ray  
  61  4:47  Stargate  
  61  4:52  Stalker  
  63  5:05  Probe  
  63  5:11  Pylon  
  63  5:13  Probe  
  64  5:15  Pylon  
  64  5:18  Pylon  
  65  5:32  Photon Cannon  
  65  5:37  Photon Cannon  
  65  5:41  Nexus  
  65  5:44  Pylon  
  65  5:48  Pylon  
  65  5:54  Void Ray x2  
  73  5:59  Protoss Shields Level 1  
  73  6:00  Protoss Air Weapons Level 1  
  73  6:14  Stalker  
  73  6:15  Photon Cannon  
  70  6:20  Photon Cannon  
  70  6:22  Photon Cannon  
  67  6:31  Probe  
  64  6:34  Observer  
  61  6:43  Probe  
  60  6:54  Probe  
  54  7:02  Probe  
  54  7:05  Probe  
  55  7:09  Probe  
  55  7:11  Probe  
  55  7:13  Probe  
  58  7:17  Probe  
  58  7:19  Photon Cannon  
  58  7:21  Probe  
  60  7:23  Probe  
  60  7:27  Photon Cannon, Probe  
  63  7:33  Probe  
  63  7:35  Photon Cannon, Probe  
  65  7:39  Probe  
  65  7:43  Photon Cannon  
  66  7:46  Probe  
  66  7:47  Probe  
  68  7:51  Probe  
  68  7:54  Probe  
  69  7:59  Probe  
  69  8:03  Probe  
  69  8:04  Probe  
  72  8:11  Probe  
  73  8:15  Probe  
  73  8:16  Probe  
  75  8:23  Probe  
  76  8:27  Probe  
  76  8:28  Probe  
  78  8:35  Probe  
  78  8:40  Probe  
  80  8:52  Probe  
  81  8:59  Void Ray x2  
  89  9:12  Protoss Air Armor Level 1  
  89  9:21  Stargate  
  89  9:22  Stargate  
  89  9:24  Fleet Beacon  
  89  9:26  Twilight Council  
  89  9:28  Stargate  
  89  9:30  Stargate  
  89  9:31  Probe  
  90  9:36  Assimilator  
  90  9:40  Assimilator  
  90  9:42  Probe  
  90  9:43  Photon Cannon, Probe  
  90  9:44  Probe  
  93  9:46  Photon Cannon  
  93  9:50  Void Ray  
  93  9:51  Void Ray  
  101  9:54  Probe  
  101  9:55  Probe  
  101  9:56  Probe  
  104  10:06  Pylon, Probe  
  105  10:07  Probe  
  105  10:08  Pylon, Probe  
  105  10:10  Pylon  
  105  10:14  Pylon  
  107  10:19  Probe  
  108  10:21  Nexus  
  108  10:26  Pylon  
  108  10:29  Pylon  
  108  10:31  Assimilator  
  108  10:33  Void Ray x3  
  120  10:35  Assimilator  
  120  10:44  Void Ray  
  120  10:45  Void Ray  
  128  10:52  Void Ray  
  132  11:05  Cybernetics Core  
Show
View Real Time Build Order
Export as new Build Order

Faust Zerg - Winner!

Build Orders: Pool First 

Get SALT Encoding   

  12  0:01  Drone  
  13  0:09  Drone  
  14  0:16  Extractor  
  14  0:17  Drone  
  15  0:23  Overlord  
  15  0:42  Drone x2  
  17  0:46  Spawning Pool  
  17  0:48  Extractor  
  15  0:51  Drone  
  15  0:56  Drone  
  18  1:32  Zergling x6, Queen  
  22  1:44  Overlord  
  22  2:01  Metabolic Boost  
  22  2:05  Hatchery  
  21  2:12  Zergling x4  
  23  2:17  Zergling x2  
  24  2:38  Zergling x4  
  26  2:49  Zergling x6  
  27  3:14  Zergling x4  
  27  3:33  Zergling x8  
  31  3:36  Queen  
  31  3:39  Drone  
  31  3:40  Drone x2  
  35  4:06  Overlord x2  
  35  4:34  Drone x3  
  35  4:35  Drone x3  
  41  4:41  Extractor  
  41  4:42  Baneling Nest  
  39  4:51  Queen  
  38  4:56  Spore Crawler, Queen  
  38  4:59  Spore Crawler  
  34  5:00  Spore Crawler  
  29  5:15  Drone x8  
  29  5:16  Drone  
  38  5:26  Queen  
  40  5:33  Drone x2  
  40  5:34  Drone  
  42  5:53  Drone x2  
  44  5:57  Overlord x2  
  44  6:17  Drone  
  44  6:18  Drone x8  
  53  6:28  Drone  
  53  6:30  Lair  
  46  7:07  Drone x3  
  46  7:08  Extractor x2  
  47  7:12  Drone x2  
  47  7:13  Drone x2  
  47  7:14  Spore Crawler  
  50  7:20  Hatchery  
  49  7:46  Drone x2  
  49  7:49  Drone x2, Spire  
  49  7:50  Overlord  
  49  7:51  Overlord x2  
  49  8:13  Drone  
  49  8:14  Drone x5  
  55  8:28  Drone x2  
  57  8:36  Drone x2  
  57  8:37  Drone  
  60  8:54  Extractor  
  59  8:55  Drone x2  
  59  8:56  Extractor, Drone x2  
  59  8:57  Drone x2  
  64  9:03  Zerg Flyer Weapons Level 1  
  64  9:07  Infestation Pit  
  63  9:10  Spine Crawler  
  63  9:13  Spine Crawler  
  61  9:19  Drone x2  
  61  9:20  Drone x4  
  67  9:24  Overlord x2  
  67  9:25  Overlord x4  
  67  9:33  Hatchery  
  66  10:02  Mutalisk  
  66  10:03  Mutalisk x12  
  92  10:38  Mutalisk  
  92  10:39  Mutalisk x4  
  102  10:47  Hive  
  102  10:54  Drone x5  
  107  10:59  Drone x6  
  107  11:00  Drone x7  
  120  11:10  Evolution Chamber  
  120  11:11  Drone, Evolution Chamber  
  120  11:12  Overlord  
  120  11:13  Overlord x4  
  120  11:14  Overlord  
  119  11:43  Zergling x2  
  119  11:44  Zergling x36  
  128  12:09  Corruptor x4  
  128  12:10  Corruptor x7  
  150  12:16  Baneling  
  150  12:17  Extractor  
  150  12:18  Drone x2  
  150  12:19  Drone x3  
  150  12:20  Extractor, Drone  
Show
View Real Time Build Order
Export as new Build Order

caboose Terran 

Build Orders: 1/1/1 

Get SALT Encoding   

  12  0:01  SCV  
  13  0:13  SCV  
  14  0:22  Supply Depot  
  14  0:25  SCV  
  15  0:43  SCV  
  15  0:45  Barracks  
  16  0:55  SCV  
  17  0:57  Refinery  
  17  0:59  Refinery  
  17  1:08  SCV  
  18  1:20  SCV  
  19  1:34  Supply Depot  
  19  1:43  Factory  
  19  1:56  Reaper  
  19  1:59  Orbital Command  
  20  2:29  Starport  
  20  2:41  SCV  
  21  2:56  Reaper  
  22  3:07  Starport Tech Lab  
  22  3:18  Barracks  
  22  3:19  Command Center  
  21  3:28  Reaper  
  21  3:30  SCV  
  21  3:31  Banshee  
  26  3:52  Barracks  
  26  3:59  Supply Depot  
  26  4:00  Marine  
  26  4:01  Factory Tech Lab  
  27  4:07  Cloaking Field  
  27  4:12  Marine  
  28  4:20  Siege Tank  
  28  4:21  Marine  
  28  4:22  Supply Depot x2  
  32  4:29  SCV  
  32  4:30  Marine  
  34  4:33  Orbital Command  
  34  4:39  Marine  
  34  4:42  Barracks Tech Lab  
  35  4:48  Marine  
  36  4:55  Banshee  
  36  4:57  Marine  
  40  5:01  Marine  
  40  5:02  Siege Tank  
  40  5:05  Marine  
  40  5:07  SCV x2  
  47  5:08  Combat Shield  
  47  5:15  Marine  
  48  5:29  Command Center  
  48  5:39  Hyperflight Rotors  
  48  5:52  Viking  
  50  5:59  SCV  
  51  6:05  Marine x3, Orbital Command  
  54  6:18  Armory  
  54  6:35  SCV x2  
  56  6:47  SCV  
  56  6:49  Stimpack  
  54  6:54  Engineering Bay  
  54  6:56  Marine x2  
  54  6:57  Marine  
  48  7:01  Siege Tank  
  45  7:08  Banshee  
  45  7:15  SCV x2  
  50  7:17  Orbital Command  
  50  7:27  SCV x2  
  52  7:30  Marine x2  
  52  7:31  Marine  
  52  7:36  Engineering Bay  
  55  7:39  Supply Depot  
  55  7:48  Marine x3  
  55  7:50  Barracks  
  58  7:52  Factory  
  58  7:53  Command Center  
  57  8:06  Marine  
  57  8:07  Terran Infantry Armor Level 1  
  57  8:08  Terran Infantry Weapons Level 1  
  58  8:17  SCV x2  
  58  8:19  SCV  
  60  8:28  Marine x3  
  60  8:29  SCV  
  60  8:31  Thor, SCV  
  67  8:46  Marine  
  61  9:14  Thor  
  67  9:25  Factory Tech Lab  
  67  9:26  Barracks Reactor  
  67  9:27  Refinery  
  67  9:29  Refinery x2  
  67  9:31  SCV, Terran Vehicle Weapons Level 1  
  67  9:32  SCV  
  67  9:34  Orbital Command  
  69  9:40  Refinery  
  69  9:41  Refinery  
  69  9:44  SCV x2  
  71  9:52  Marine x3  
  74  9:56  SCV x2  
  74  9:57  Fusion Core  
  74  9:59  Starport  
  76  10:00  Starport  
  76  10:02  Supply Depot  
  76  10:03  Supply Depot  
  76  10:05  SCV  
  77  10:08  SCV x2  
  77  10:10  Marine x2  
  81  10:20  SCV  
  81  10:21  SCV  
  83  10:24  SCV  
  84  10:33  SCV x2  
  86  10:36  SCV  
  85  10:48  Starport Reactor, Starport Tech Lab  
  85  10:51  Raven  
  85  10:56  Thor  
  93  11:02  Refinery x2  
  93  11:05  Supply Depot x2  
  93  11:06  Supply Depot, SCV x2  
  93  11:07  SCV  
  93  11:08  Supply Depot  
  96  11:15  Marine, Liberator  
  96  11:16  Marine x3  
  104  11:18  SCV  
  104  11:19  SCV  
  104  11:23  Advanced Ballistics  
  106  11:30  Command Center  
  106  11:33  Marine  
  106  11:34  Barracks Reactor, Liberator  
Show
View Real Time Build Order
Export as new Build Order

Stelioss Protoss 

Build Orders: 1 Gate Expand 

Get SALT Encoding   

  12  0:01  Probe  
  13  0:14  Probe  
  14  0:23  Pylon  
  14  0:26  Probe  
  15  0:41  Probe  
  16  0:45  Gateway  
  16  0:47  Assimilator  
  16  0:53  Probe  
  17  1:03  Probe  
  18  1:11  Probe  
  19  1:31  Probe  
  20  1:34  Nexus  
  20  1:42  Cybernetics Core  
  20  1:48  Assimilator  
  20  1:50  Probe  
  21  2:01  Pylon  
  21  2:03  Probe  
  22  2:15  Probe  
  23  2:27  Probe  
  23  2:29  Warp Gate  
  24  2:30  Stalker  
  26  2:54  Probe  
  27  3:05  Probe  
  28  3:06  Probe  
  29  3:17  Probe  
  30  3:25  Pylon  
  25  3:42  Pylon  
Tags
 
Add a new tag
Caveats
  • Supply blocks, unpowered buildings, or Contaminate may cause inaccurate times.
  • Supply counts are checked every 10 seconds.